 Dungeon Crawl Stone Soup version 0.31-a0-744-gbc345e7 (webtiles) character file.

Game seed: 2376085405607929305

31325 BarneyGumball the Slicer (level 13, -1/66 HPs)
             Began as a Vine Stalker Brigand on Sept 13, 2023.
             Was a Plaything of Xom.
             Slain by a death yak (6 damage)
             ... on level 3 of the Lair of Beasts.
             The game lasted 01:12:19 (12708 turns).

BarneyGumball the Slicer (Vine Stalker Brigand)    Turns: 12708, Time: 01:12:20

Health: -1/66      AC: 18    Str: 22    XL:     13   Next: 57%
Magic:  0/14       EV: 13    Int:  9    God:    Xom [......]
Gold:   558        SH:  0    Dex: 19    Spells: 11/14 levels left

rFire   + + .        h - +2 short sword (venom)
rCold   . . .        (no shield)
rNeg    . . .        F - +4 scale mail of Inaction {Rampage rElec Int-2 SInv}
rPois   +            (helmet currently unavailable)
rElec   +            c - melded +0 cloak
rCorr   .            (gloves currently unavailable)
SInv    +            (boots currently unavailable)
Will    +....        M - amulet of magic regeneration
Stlth   +++          P - ring of poison resistance
HPRegen 1.11/turn    A - ring "Feenas" {rF+ AC+4 Str+4}
MPRegen 0.54/turn

%: random rage (3%), guardian spirit, rampage
@: mighty, beast-form, on berserk cooldown, hasted and slowed
A: beast (slay +4), fangs 3, regeneration 1, magic shield, antimagic bite, no
potion heal 2, horns 1, iridescent scales 1, thin skeletal structure 1, berserk
1, fire resistance 1, low MP 1, screaming 1
a: Begin Untransformation, Renounce Religion


You were on level 3 of the Lair of Beasts.
You worshipped Xom.
You were a very special plaything of Xom.
You were a hulking beast.
You visited 2 branches of the dungeon, and saw 14 of its levels.
You also visited: Bailey.

You collected 1519 gold pieces.
You spent 961 gold pieces at shops.

Inventory:

Hand Weapons
 h - a +2 short sword of venom (weapon)
 t - a +2 dagger of venom
Missiles
 d - 12 poisoned darts (quivered)
 e - 3 curare-tipped darts
 K - 5 silver javelins
Armour
 c - a +0 cloak (melded)
 F - the +4 scale mail of Inaction (worn) {Rampage rElec Int-2 SInv}
   (You found it on level 6 of the Dungeon)

   Int-2:     It affects your intelligence (-2).
   rElec:     It insulates you from electricity.
   SInv:      It lets you see invisible.
   Rampage:   It bestows one free step when moving towards enemies.
 Q - a +0 pair of gloves of stealth
Magical Staves
 R - a staff of cold
Jewellery
 u - a ring of protection from cold
 A - the ring "Feenas" (right hand) {rF+ AC+4 Str+4}
   (You bought it in a shop on level 5 of the Dungeon)

   [ring of protection]

   AC+4:      It affects your AC (+4).
   Str+4:     It affects your strength (+4).
   rF+:       It protects you from fire.
 M - an amulet of magic regeneration (around neck)
 P - a ring of poison resistance (left hand)
 W - a ring of resist corrosion
 Y - a +6 ring of strength
Talismans
 f - a beast talisman (active)
Wands
 a - a wand of flame (29)
 k - a wand of paralysis (8)
 r - a wand of iceblast (15)
 I - a wand of digging (6)
 L - a wand of mindburst (8)
Scrolls
 b - a scroll of immolation {unknown}
 i - a scroll of enchant weapon
 j - 2 scrolls of amnesia {unknown}
 l - 3 scrolls of teleportation
 o - 3 scrolls of poison {unknown}
 p - a scroll of blinking
 s - 3 scrolls of silence {unknown}
 v - 2 scrolls of torment {unknown}
 y - 4 scrolls of revelation
 z - 3 scrolls of fog {unknown}
 D - a scroll of enchant armour {unknown}
 H - 2 scrolls of vulnerability {unknown}
 O - a scroll of noise {unknown}
 V - a scroll of fear {unknown}
Potions
 g - 9 potions of curing
 m - 2 potions of cancellation
 q - 2 potions of brilliance
 x - a potion of ambrosia
 B - a potion of enlightenment
 C - a potion of heal wounds
 E - 3 potions of attraction
 J - a potion of magic
 N - a potion of invisibility {unknown}
 S - a potion of resistance
 Z - a potion of lignification {unknown}
Miscellaneous
 n - a lightning rod (4/4)


   Skills:
 + Level 6.6 Fighting
 - Level 10.0 Short Blades
 - Level 5.0 Throwing
 - Level 10.0 Armour
 + Level 4.7 Dodging
 - Level 5.0 Stealth
 - Level 1.3 Spellcasting
 - Level 3.4 Conjurations
 - Level 3.0 Air Magic
 - Level 3.0 Poison Magic
 - Level 8.0 Evocations
 - Level 7.0 Shapeshifting


You had 11 spell levels left.
You knew the following spells:

 Your Spells              Type           Power      Damage    Failure   Level
a - Mephitic Cloud        Conj/Pois/Air  6%         N/A       54%         3

Your spell library contained the following spells:

 Spells                   Type           Power      Damage    Failure   Level
 Poisonous Vapours        Pois/Air       10%        N/A       34%         2
 Cigotuvi's Dreadful Rot  Necr/Pois/Air  8%         N/A       47%         2
 Call Canine Familiar     Summ           0%         N/A       94%         3
 Frozen Ramparts          Ice            0%         1d1       94%         3
 Ozocubu's Armour         Ice            0%         N/A       94%         3
 Sigil of Binding         Hex            0%         N/A       94%         3
 Iskenderun's Battlesphe  Conj           6%         2d6       99%         5
 Anguish                  Hex/Necr       0%         N/A       100%        4
 Cause Fear               Hex            0%         N/A       100%        4
 Dimensional Bullseye     Hex/Tloc       0%         N/A       100%        4
 Dispel Undead            Necr           0%         3d6       100%        4
 Leda's Liquefaction      Hex/Erth       0%         N/A       100%        4
 Petrify                  Tmut/Erth      0%         N/A       100%        4
 Fireball                 Conj/Fire      1%         3d3       100%        5
 Freezing Cloud           Conj/Ice/Air   2%         6-21      100%        5
 Metabolic Englaciation   Hex/Ice        0%         N/A       100%        5
 Conjure Ball Lightning   Conj/Air       3%         3x3d6     100%        6
 Death Channel            Necr           0%         N/A       100%        6
 Leda's Unmaking          Conj/Erth      1%         9d1       100%        6
 Simulacrum               Ice/Necr       0%         N/A       100%        6
 Enfeeble                 Hex            0%         N/A       100%        7
 Orb of Destruction       Conj           3%         9d5       100%        7
 Ozocubu's Refrigeration  Ice            0%         4d7       100%        7
 Spellforged Servitor     Conj/Summ      1%         N/A       100%        7


Dungeon Overview and Level Annotations

Branches:
Dungeon (11/15)            Temple (0/1) D:6            Lair (3/5) D:11
  Swamp (0/4) Lair:3        Snake (0/4) Lair:3          Orc (0/2) D:11
 Bailey (visited)

Altars:
Ashenzari
Cheibriados
Elyvilon
Hepliaklqana
Kikubaaqudgha
Makhleb
Nemelex Xobeh
Okawaru
Qazlal
Sif Muna
Trog
Uskayaw
Xom

Shops:
D:2 [   D:5 ([=(*   D:6 !   D:7 (*(

Portals:
Trove: D:10 (give +2 storm dragon scales)

Annotations:
D:10 1 runed translucent door, exclusion: door, Radamante's ghost, journeyman MiFi
Lair:1 exclusion: oklob plant
Lair:3 3 runed translucent doors, exclusion: oklob plant, PiratePeteNZ's ghost, journeyman DsGl


Innate Abilities, Weirdness & Mutations

You are a hulking beast.
Your limbs bulge with bestial killing power. (Slay +4)
You have razor-sharp teeth.
Your natural rate of healing is unusually fast.
When hurt, damage is shared between your health and your magic reserves.
Your bite disrupts and absorbs the magic of your enemies.
Potions cannot restore your health.
You have a pair of small horns on your head.
You are partially covered in iridescent scales. (AC +2)
You have a somewhat thin skeletal structure. (Dex +2, Stealth+)
You sometimes lose your temper in combat.
Your flesh is heat resistant. (rF+)
Your magical capacity is low. (-10% MP)
You occasionally shout uncontrollably at your foes.


Message History

The quicksilver dragon claws you. The death yak gores you.
The quicksilver dragon misses you. The quicksilver dragon claws you!
You barely miss the quicksilver dragon. You headbutt the quicksilver dragon!
You bite the quicksilver dragon! You drain its power.
You feel invigorated.
The quicksilver dragon is lightly wounded.
The death yak gores you!!
You hit the quicksilver dragon.
The quicksilver dragon is poisoned.
You headbutt the quicksilver dragon!
Your bite misses the quicksilver dragon.
The quicksilver dragon is moderately wounded.
The quicksilver dragon bites you but does no damage.
The quicksilver dragon misses you.
You barely miss the quicksilver dragon.
Your bite misses the quicksilver dragon.
The quicksilver dragon is moderately wounded.
The quicksilver dragon closely misses you.
The quicksilver dragon barely misses you.
The death yak gores you!
You hit the death yak.
The death yak is poisoned.
Your headbutt misses the death yak. You bite the death yak!
You drain its power.
You feel invigorated.
The death yak is moderately wounded.
The quicksilver dragon bites you!
* * * LOW HITPOINT WARNING * * *
The quicksilver dragon claws you!
* * * LOW HITPOINT WARNING * * *
Okay, then.
Press: ? - help, v - describe, . - travel
Here: a quicksilver dragon (moderately wounded, poisoned)
The floor, spattered with blood.
Okay, then.
Unknown command.
Press: ? - help, v - describe, . - travel
Here: a quicksilver dragon (moderately wounded, poisoned)
The floor, spattered with blood.
You barely miss the quicksilver dragon.
The quicksilver dragon is moderately wounded.
The death yak gores you!
You die...
Xom bursts into laughter!

.........#.......###....YY.......
....F#.............Y...........##
...##.##.....>......Y...........,
...# *#.........Y....Y.....,,, ,
...#####.#.......#..........,,***
....#.####....N..#..<.......,***,
....##.#.###...####.........,****
..............†Y###.........,
#...##.........Dh####.##..##,** *
....#..........†## *## *##*** *
#..............<### *
................#.#
##..#............##
#...#........##.#
#...#.......##..#####
#....#......###..##.##
##..###.######.#.....##


You could see a quicksilver dragon (poisoned), a death yak (very poisoned) and a
naga.

Vanquished Creatures
  A formless jellyfish (Lair:3)
  A hydra (Lair:2)
  A catoblepas (Lair:2)
  4 two-headed ogres
  7 death yaks (Lair:3)
  2 skysharks
  An orc knight (Bailey)
  Maurice (D:9)
  2 black mambas (Lair:2)
  A guardian serpent (D:10)
  An eye of devastation (Lair:2)
  2 elephants (Lair:2)
  4 cane toads
  2 unseen horrors
  4 komodo dragons
  A troll (D:9)
  A raiju (Lair:2)
  A hornet (D:7)
  26 blink frogs
  A vampire (D:9)
  A human (D:8)
  19 yaks
  2 wyverns
  4 basilisks
  A golden eye (Lair:2)
  6 steam dragons
  A naga (Lair:3)
  2 acid dragons
  7 water moccasins
  2 black bears
  7 orc warriors
  4 centaurs
  3 ogres
  9 bullfrogs
  2 kobold brigands
  A gnoll sergeant (D:9)
  14 scorpions
  5 wights (D:10)
  6 killer bees (D:9)
  An electric eel (Lair:1)
  A howler monkey (D:10)
  10 orc priests
  A gnoll bouda (D:10)
  A hound (D:5)
  3 iguanas
  Natasha (thrice) (D:2)
  11 orc wizards
  7 gnolls
  7 adders
  A shadow imp (D:6)
  A white imp (D:8)
  2 worms (D:3)
  2 dart slugs
  60 orcs
  9 endoplasms
  7 giant cockroaches
  12 goblins
  9 hobgoblins
  4 jackals (D:4)
  5 quokkas
  8 ball pythons
  6 bats
  A frilled lizard (D:1)
  14 kobolds
  7 rats
  A butterfly (D:7)
354 creatures vanquished.

Vanquished Creatures (collateral kills)
  A cane toad (Lair:1)
  A komodo dragon (D:7)
  A butterfly (D:7)
3 creatures vanquished.

Vanquished Creatures (others)
  A catoblepas (Lair:2)
  A wizard (D:7)
  A blink frog (Lair:2)
3 creatures vanquished.

Grand Total: 360 creatures vanquished

Notes
Turn   | Place    | Note
-------+----------+-------------------------------------------
     0 | D:1      | BarneyGumball the Vine Stalker Brigand began the quest for
                  | the Orb.
     0 | D:1      | Reached XP level 1. HP: 11/11 MP: 2/2
    83 | D:1      | Reached skill level 5 in Stealth
   134 | D:1      | Reached skill level 1 in Shapeshifting
   232 | D:1      | Reached XP level 2. HP: 15/15 MP: 3/3
   575 | D:1      | Reached XP level 3. HP: 18/18 MP: 4/4
  1042 | D:2      | Noticed a scorpion
  1163 | D:2      | Found a faded altar of an unknown god.
  1218 | D:2      | Prayed at the altar of an unknown god.
  1218 | D:2      | Became a worshipper of Xom the Chaotic
  1515 | D:2      | Reached XP level 4. HP: 19/23 MP: 5/5
  1637 | D:2      | Noticed Natasha
  1640 | D:2      | XOM: smoke on damage
  1645 | D:2      | Killed Natasha
  1646 | D:2      | Reached skill level 1 in Dodging
  1676 | D:2      | Found Xygiph's Armour Shop.
  1787 | D:2      | XOM: silly message
  2010 | D:2      | Noticed Natasha
  2012 | D:2      | XOM: silly message
  2017 | D:2      | Killed a scorpion
  2018 | D:2      | Reached XP level 5. HP: 15/27 MP: 2/6
  2021 | D:2      | Killed Natasha
  2029 | D:2      | Noticed Natasha
  2048 | D:2      | Killed Natasha
  2239 | D:3      | XOM: potion effect (invisibility)
  2304 | D:3      | Reached XP level 6. HP: 32/32 MP: 7/7
  2335 | D:3      | Found a hide-covered altar of Uskayaw.
  2337 | D:3      | Found a broken altar of Ashenzari.
  2414 | D:3      | Found a burning altar of Makhleb.
  2425 | D:3      | Found an ancient bone altar of Kikubaaqudgha.
  2882 | D:4      | Reached skill level 1 in Conjurations
  2882 | D:4      | Reached skill level 1 in Poison Magic
  2899 | D:4      | Reached skill level 1 in Air Magic
  2965 | D:4      | Reached XP level 7. HP: 36/36 MP: 8/8
  3164 | D:4      | XOM: give mutations
  3164 | D:4      | Gained mutation: You have an increased reservoir of magic.
                  | (+10% MP) [Xom's grace]
  3164 | D:4      | Gained mutation: Your mind is acute. (Int +4, Str/Dex -1)
                  | [Xom's grace]
  3164 | D:4      | Gained mutation: You are resistant to electric shocks.
                  | (rElec) [Xom's grace]
  3187 | D:4      | Found a shimmering blue altar of Sif Muna.
  3503 | D:4      | Found a sparkling altar of Nemelex Xobeh.
  3524 | D:4      | Identified the +0 scale mail of the Curupira {Rampage rElec
                  | rC- MP+9}
  3647 | D:5      | Entered Level 5 of the Dungeon
  3647 | D:5      | Found Osuwe Bai's Weapon Shop.
  3676 | D:5      | Found Toinger's Antique Weapon Boutique.
  3676 | D:5      | Found Xidej's Jewellery Shop.
  3676 | D:5      | XOM: 5-stop teleportation journey
  3682 | D:5      | Found a transporter.
  3683 | D:5      | Found a transporter.
  3683 | D:5      | Found Zino's Assorted Antiques.
  3728 | D:5      | Bought a twitching amber ring for 125 gold pieces
  3728 | D:5      | Identified the ring "Feenas" {rF+ AC+4 Str+4} (You bought
                  | it in a shop on level 5 of the Dungeon)
  3728 | D:5      | Bought a scroll of identify for 50 gold pieces
  3728 | D:5      | Bought a murky golden potion for 22 gold pieces
  3728 | D:5      | Bought a puce potion for 22 gold pieces
  3777 | D:5      | Found a hazy altar of Hepliaklqana.
  3824 | D:5      | XOM: give mutations
  3824 | D:5      | Gained mutation: You possess an exceptional clarity of
                  | mind. [Xom's grace]
  3824 | D:5      | Gained mutation: Your skin changes colour to match your
                  | surroundings (Stealth+). [Xom's grace]
  3824 | D:5      | Gained mutation: You are covered in fur. (AC +1) [Xom's
                  | grace]
  3824 | D:5      | Gained mutation: You have sharp toenails. [Xom's grace]
  3981 | D:5      | XOM: fog
  3997 | D:5      | Gained mutation: You have razor-sharp teeth. [Vine Stalker
                  | growth]
  3997 | D:5      | Reached XP level 8. HP: 39/42 MP: 7/9
  4024 | D:5      | Found a white marble altar of Elyvilon.
  4112 | D:5      | Found Xudes's Armour Shop.
  4139 | D:5      | Found a snail-covered altar of Cheibriados.
  4277 | D:6      | XOM: scenery: create altars
  4348 | D:6      | XOM: scenery: create altars
  4369 | D:6      | XOM: fake destruction
  4370 | D:6      | XOM: fog
  4452 | D:6      | Found Kaezxopt's Distillery.
  4657 | D:6      | XOM: 2-stop teleportation journey
  4839 | D:6      | Learned a level 3 spell: Mephitic Cloud
  4957 | D:6      | Identified the +4 scale mail of Inaction {Rampage rElec
                  | Int-2 SInv}
  5091 | D:6      | XOM: 1-stop teleportation journey
  5357 | D:6      | Found a staircase to the Ecumenical Temple.
  5519 | D:7      | Found Puacehat's Weapon Boutique.
  5519 | D:7      | Found Kysk's General Store.
  5519 | D:7      | Found Qecihaf's Weapon Boutique.
  5636 | D:7      | Noticed a komodo dragon
  5644 | D:6      | Reached skill level 1 in Spellcasting
  5691 | D:7      | Noticed a wyvern
  5696 | D:7      | Killed a wyvern
  5705 | D:7      | Reached skill level 5 in Shapeshifting
  5721 | D:7      | Noticed a hornet
  5726 | D:7      | XOM: silly message
  5728 | D:7      | Killed a hornet
  5729 | D:7      | Reached skill level 5 in Short Blades
  5729 | D:7      | Reached XP level 9. HP: 33/45 MP: 13/13
  5747 | D:7      | Found a bloodstained altar of Trog.
  5750 | D:7      | Noticed a wizard
  5754 | D:7      | Killed a wizard
  5799 | D:7      | XOM: destruction
  5910 | D:7      | XOM: summons 9 friendly demons
  5916 | D:7      | Killed a komodo dragon
  6051 | D:7      | Found a runed translucent door.
  6059 | D:7      | Found a runed translucent door.
  6077 | D:7      | XOM: summons 9 friendly demons
  6377 | D:8      | XOM: god gift: 48 gold pieces
  6454 | D:8      | XOM: scenery: create altars
  6487 | D:8      | Noticed a two-headed ogre
  6494 | D:8      | XOM: divination: detect creatures
  6510 | D:8      | Killed a two-headed ogre
  6511 | D:8      | Reached XP level 10. HP: 45/49 MP: 12/14
  6527 | D:8      | XOM is BORED!
  6527 | D:8      | XOM: give mutations
  6527 | D:8      | Lost mutation: You have sharp toenails. [Xom's mischief]
  6527 | D:8      | Gained mutation: You expend magic power (3 MP) to
                  | strengthen your wands. [Xom's mischief]
  6527 | D:8      | Lost mutation: You have an increased reservoir of magic.
                  | (+10% MP) [Xom's mischief]
  6527 | D:8      | Lost mutation: Your skin changes colour to match your
                  | surroundings (Stealth+). [Xom's mischief]
  6629 | D:8      | XOM: god gift: wand of digging (6)
  6721 | D:8      | XOM: scenery: summon butterflies
  6736 | D:8      | XOM: draining
  6742 | D:8      | XOM: swap monsters
  6744 | D:8      | XOM: silly message
  6747 | D:8      | XOM: noise
  6792 | D:8      | XOM: noise
  6958 | D:8      | Found a stormy altar of Qazlal.
  7011 | D:8      | XOM: polymorph centaur -> human
  7055 | D:9      | Noticed Maurice
  7061 | D:9      | XOM: stat loss: -1 Int (12/13)
  7075 | D:9      | Killed Maurice
  7167 | D:9      | Noticed a two-headed ogre
  7180 | D:9      | Killed a two-headed ogre
  7278 | D:9      | Reached skill level 10 in Short Blades
  7387 | D:9      | XOM: 1-stop teleportation journey
  7390 | D:9      | XOM: give mutations
  7390 | D:9      | Lost mutation: You possess an exceptional clarity of mind.
                  | [Xom's mischief]
  7390 | D:9      | Lost mutation: You are resistant to electric shocks.
                  | (rElec) [Xom's mischief]
  7390 | D:9      | Gained mutation: You are somewhat resistant to further
                  | mutation. [Xom's mischief]
  7390 | D:9      | Gained mutation: You have a pair of small horns on your
                  | head. [Xom's mischief]
  7452 | D:9      | XOM: blink monster(s)
  7459 | D:9      | Reached skill level 5 in Throwing
  7701 | D:9      | XOM: give mutations
  7701 | D:9      | Gained mutation: Your flesh is heat resistant. (rF+) [Xom's
                  | mischief]
  7701 | D:9      | Lost mutation: You are covered in fur. (AC +1) [Xom's
                  | mischief]
  7764 | D:10     | XOM: stealth player
  7764 | D:10     | Entered Level 10 of the Dungeon
  7786 | D:10     | XOM: 1-stop teleportation journey
  7790 | D:10     | XOM: swap monsters
  7793 | D:10     | a troll changed into a guardian serpent
  7793 | D:10     | Noticed a guardian serpent
  7793 | D:10     | XOM: polymorph troll -> guardian serpent
  7798 | D:10     | Reached skill level 1 in Armour
  7798 | D:10     | Reached XP level 11. HP: 35/53 MP: 13/13
  7845 | D:10     | Reached skill level 5 in Fighting
  8009 | D:10     | Found a flagged portal.
  8022 | Bailey   | Entered a bailey
  8066 | Bailey   | Noticed an orc knight
  8171 | Bailey   | XOM: confuse monster(s)
  8244 | Bailey   | XOM: enchant monster (bad)
  8255 | Bailey   | Killed an orc knight
  8314 | D:10     | Found a portal to a secret trove of treasure.
  8361 | D:10     | Found a runed translucent door.
  8362 | D:10     | Noticed Radamante's ghost (journeyman MiFi)
  8395 | D:10     | XOM: 2-stop teleportation journey
  8547 | D:10     | Found an iron altar of Okawaru.
  8914 | D:11     | Found a staircase to the Lair.
  8943 | D:11     | Noticed a two-headed ogre
  8950 | D:11     | Killed a two-headed ogre
  8960 | D:11     | XOM: potion effect (haste)
  9010 | D:11     | XOM: silly message
  9093 | D:11     | XOM: noise
  9097 | D:11     | XOM: potion effect (haste)
  9114 | D:11     | XOM: scenery: 1 doors open, 3 doors close
  9133 | D:11     | Found a staircase to the Orcish Mines.
  9142 | D:11     | XOM: god gift: 3 stones
  9297 | D:11     | XOM: give mutation
  9297 | D:11     | Gained mutation: You have a somewhat thin skeletal
                  | structure. (Dex +2, Stealth+) [Xom's grace]
  9396 | D:11     | Noticed a two-headed ogre
  9403 | D:11     | XOM: cast spell 'Chain of Chaos'
  9406 | D:11     | Killed a two-headed ogre
  9407 | D:11     | Reached skill level 1 in Evocations
  9606 | D:6      | XOM: silly message
  9659 | D:5      | Bought a ring of poison resistance for 300 gold pieces
  9697 | D:6      | Bought a potion of resistance for 130 gold pieces
  9697 | D:6      | Bought a potion of might for 52 gold pieces
  9697 | D:6      | Bought a potion of haste for 130 gold pieces
  9697 | D:6      | Bought a potion of haste for 130 gold pieces
  9873 | Lair:1   | Entered Level 1 of the Lair of Beasts
  9964 | Lair:1   | XOM: divine lightning
  9967 | Lair:1   | XOM: summons 4 friendly demons
  9974 | Lair:1   | Reached skill level 5 in Armour
 10114 | Lair:1   | Found an iron altar of Okawaru.
 10119 | Lair:1   | Noticed an oklob plant
 10177 | Lair:1   | XOM: butterfly on damage
 10187 | Lair:1   | XOM: noise
 10463 | Lair:1   | Reached XP level 12. HP: 61/61 MP: 14/14
 10599 | Lair:1   | XOM: give mutations
 10599 | Lair:1   | Gained mutation: Your magical capacity is low. (-10% MP)
                  | [Xom's mischief]
 10599 | Lair:1   | Gained mutation: You occasionally shout uncontrollably at
                  | your foes. [Xom's mischief]
 10599 | Lair:1   | Lost mutation: You are somewhat resistant to further
                  | mutation. [Xom's mischief]
 10683 | Lair:2   | XOM: stat loss: -1 Str (20/21)
 10692 | Lair:1   | XOM: enchant monster (bad)
 10712 | Lair:1   | XOM: cast spell 'Leda's Liquefaction'
 10757 | Lair:2   | XOM: confuse monster(s)
 10804 | Lair:2   | Noticed a catoblepas
 10816 | Lair:2   | Reached skill level 5 in Evocations
 10944 | Lair:2   | XOM: give mutation
 10944 | Lair:2   | Gained mutation: You are partially covered in iridescent
                  | scales. (AC +2) [Xom's grace]
 10953 | Lair:2   | XOM: 4-stop teleportation journey
 11002 | Lair:2   | Noticed a catoblepas
 11016 | Lair:2   | Killed a catoblepas
 11038 | Lair:2   | XOM: potion effect (brilliance)
 11047 | Lair:2   | XOM: polymorph elephant -> eye of devastation
 11051 | Lair:2   | XOM: smoke on damage
 11124 | Lair:2   | Noticed a four-headed hydra
 11133 | Lair:2   | Killed a four-headed hydra
 11180 | Lair:2   | XOM: destruction
 11182 | Lair:2   | XOM: fake destruction
 11185 | Lair:2   | XOM: butterfly on damage
 11188 | Lair:2   | Killed a catoblepas
 11188 | Lair:2   | XOM: divine lightning
 11198 | Lair:2   | XOM: polymorph blink frog -> golden eye
 11386 | Lair:2   | XOM: polymorph black mamba -> raiju
 11391 | Lair:2   | Noticed a skyshark
 11407 | Lair:2   | XOM: summons 12 friendly demons
 11412 | Lair:2   | Killed a skyshark
 11413 | Lair:2   | Reached XP level 13. HP: 63/65 MP: 12/14
 11858 | Lair:3   | XOM: enchant monster (good)
 11859 | Lair:3   | XOM: polymorph water moccasin -> water moccasin
 11888 | Lair:3   | Found a staircase to the Snake Pit.
 11902 | Lair:3   | XOM: noise
 11913 | Lair:3   | XOM: noise
 11919 | Lair:3   | XOM: swap monsters
 12233 | Lair:3   | Found a runed translucent gate.
 12238 | Lair:3   | XOM: blink monster(s)
 12242 | Lair:3   | XOM: give mutations
 12242 | Lair:3   | Lost mutation: Your mind is acute. (Int +4, Str/Dex -1)
                  | [Xom's mischief]
 12242 | Lair:3   | Gained mutation: You occasionally lose the ability to read
                  | scrolls when taking damage. [Xom's mischief]
 12242 | Lair:3   | Gained mutation: You are frail. (-10% HP) [Xom's mischief]
 12242 | Lair:3   | Lost mutation: You are frail. (-10% HP) [Xom's mischief]
 12257 | Lair:3   | XOM: 1-stop teleportation journey
 12259 | Lair:3   | Lost mutation: You expend magic power (3 MP) to strengthen
                  | your wands. [potion of mutation]
 12259 | Lair:3   | Lost mutation: You occasionally lose the ability to read
                  | scrolls when taking damage. [potion of mutation]
 12259 | Lair:3   | Lost mutation: You have a pair of small horns on your head.
                  | [potion of mutation]
 12259 | Lair:3   | Gained mutation: You sometimes lose your temper in combat.
                  | [potion of mutation]
 12259 | Lair:3   | Gained mutation: You have a pair of small horns on your
                  | head. [potion of mutation]
 12302 | Lair:3   | Found a runed translucent gate.
 12303 | Lair:3   | Found a runed translucent gate.
 12304 | Lair:3   | Noticed PiratePeteNZ's ghost (journeyman DsGl)
 12345 | Lair:3   | XOM: 3-stop teleportation journey
 12472 | Lair:3   | XOM: divination: magic mapping
 12621 | Lair:3   | a death yak changed into a storm dragon
 12621 | Lair:3   | Noticed a storm dragon
 12621 | Lair:3   | XOM: polymorph death yak -> storm dragon
 12672 | Lair:3   | a death yak changed into a formless jellyfish
 12672 | Lair:3   | Noticed a formless jellyfish
 12672 | Lair:3   | XOM: polymorph death yak -> formless jellyfish
 12675 | Lair:3   | Killed a formless jellyfish
 12676 | Lair:3   | Reached skill level 10 in Armour
 12689 | Lair:3   | a death yak changed into a quicksilver dragon
 12689 | Lair:3   | Noticed a quicksilver dragon
 12689 | Lair:3   | XOM: polymorph death yak -> quicksilver dragon
 12693 | Lair:3   | XOM: confusion
 12708 | Lair:3   | Slain by a death yak

Illustrated notes

Levels and vault maps discovered:
D:1:      co_arrival_square_in_a_square_in_a_square, layout_basic,
          minmay_indecisive_spiral
D:2:      layout_basic, serial_shops, shop, serial_rivers,
          chequers_serial_rivers_micro_c, chequers_serial_rivers_micro_c,
          chequers_serial_rivers_marsh, chequers_serial_rivers_micro_b,
          chequers_serial_rivers_large_b, chequers_serial_rivers_micro_d,
          nicolae_ecumenical_oubliette, uniq_natasha
D:3:      layout_basic, grunt_temple_overflow_open,
          amethyst_overflow_temple_binary, minivault_14
D:4:      layout_loops_ring, nicolae_sif_muna_condensation,
          nemelex_xobeh_ov_fountains_minmay
D:5:      layout_loops_ring, kennysheep_slug_shrine,
          mainiacjoe_overflow_24_doors, amcnicky_altar_gilded, serial_shops,
          shop, shop, shop, nicolae_shop_drivethru, nicolae_take_the_stairs
D:6:      layout_layer_cave, minmay_temple_entry_fiery, serial_shops, shop
D:7:      lemuel_insect_pit, layout_cave_pools, trog_wizard,
          grunt_ministairs_10, nicolae_shop_distant_corner_stores
D:8:      minmay_goldmine, layout_basic, mainiacjoe_overflow_catwalk
D:9:      layout_big_octagon, reono_crystal_passage, uniq_maurice
D:10:     layout_basic, general_overflow_altar, ebering_ghost_reflecting_pool,
          enter_bailey_5, enter_trove_6, minmay_misc_feat_ornament
D:11:     layout_roguey, david_lair_shrubbed, orc_0_dummy
Lair:1:   hellmonk_destroyed_diamonds, layout_gridlike, lemuel_oklob_altar,
          lemuel_fruit_fields
Lair:2:   layout_misc_corridors, hangedman_lair_generics_rect,
          infiniplex_staircase_pool, grunt_megastairs_2, serial_bayou_shore_a
Lair:3:   layout_cave_pods, alex1729_swamp_entry_worm_eleionoma,
          minmay_snake_entry_guardpost_small, ebering_ghost_rock_garden,
          serial_bayou_shore_b

Skill      XL: |  1  2  3  4  5  6  7  8  9 10 11 12 13 |
---------------+----------------------------------------+-----
Stealth        | 5 |  5.0
Shapeshifting  | 1 2 3 5 7 |  7.0
Fighting       | 2 3 4 6 |  6.6
Short Blades   | 2 3 5 8 10 | 10.0
Dodging        | 1 2 4 |  4.7
Conjurations   | 1 2 3 |  3.4
Poison Magic   | 1 2 3 |  3.0
Air Magic      | 1 2 3 |  3.0
Spellcasting   | 1 |  1.3
Throwing       | 5 |  5.0
Armour         | 1 5 8 10 | 10.0
Evocations     | 3 7 8 |  8.0

Action                     |  1- 3 |  4- 6 |  7- 9 | 10-12 | 13-15 || total
---------------------------+-------+-------+-------+-------+-------++-------
  Melee: Dagger            |    73 |    99 |   167 |       |       ||   339
         Bite              |    11 |    21 |    54 |   239 |    81 ||   406
         Punch             |       |     1 |     8 |    17 |     9 ||    35
         Kick              |       |       |    43 |       |       ||    43
         Short sword       |       |       |    12 |   606 |   152 ||   770
         Headbutt          |       |       |       |   142 |    56 ||   198
  Throw: Dart              |       |     1 |    25 |    53 |    12 ||    91
         Javelin           |       |       |       |     4 |       ||     4
         Throwing net      |       |       |       |     1 |       ||     1
    Use: Potion            |       |     1 |     1 |     2 |     5 ||     9
         Scroll            |       |       |    11 |     5 |     5 ||    21
   Stab: Sleeping          |    15 |    14 |     5 |     5 |       ||    39
         Distracted        |       |       |     1 |     3 |       ||     4
         Confused          |       |       |       |     3 |       ||     3
         Held in net/web   |       |       |       |     1 |       ||     1
         Petrifying        |       |       |       |     1 |       ||     1
         Petrified         |       |       |       |     1 |       ||     1
 Armour: Robe              |    33 |    31 |    42 |       |       ||   106
         Scale mail        |       |       |    39 |   268 |   123 ||   430
  Dodge: Dodged            |    33 |    47 |    74 |   178 |    50 ||   382
   Form: Beast             |     1 |       |       |       |       ||     1

Table legend: (Time is in decaauts)
 A = Elapsed time spent in this place.
 B = Non-inter-level travel time spent in this place.
 C = Inter-level travel time spent in this place.
 D = Time resting spent in this place.
 E = Time spent auto-exploring this place.
 F = Levels seen in this place.
 G = Mean time per level.
                   A        B        C        D        E       F      G
               +--------+--------+--------+--------+--------+-----+--------+
         Total |  12272 |  11281 |    991 |    232 |   8118 |  15 |  818.1 |
       Dungeon |   9395 |   8527 |    868 |     63 |   6510 |  11 |  854.1 |
          Lair |   2627 |   2505 |    122 |    169 |   1589 |   3 |  875.7 |
        Bailey |    250 |    250 |      0 |      0 |     18 |   1 |  250.0 |
               +--------+--------+--------+--------+--------+-----+--------+

Top non-repeatable levels by time:
     D:6: 1526 daAuts
     D:2: 1210 daAuts
  Lair:2: 1023 daAuts
     D:1: 929 daAuts
     D:8: 859 daAuts
  Lair:1: 857 daAuts
     D:4: 852 daAuts
    D:10: 749 daAuts
  Lair:3: 746 daAuts
     D:9: 725 daAuts
    D:11: 693 daAuts
     D:5: 659 daAuts
     D:3: 654 daAuts
     D:7: 534 daAuts
  Bailey: 250 daAuts
